 Dungeon Crawl Stone Soup version 0.28-a0-1616-g050a50673c (webtiles) character file.

Game seed: 17256365559076333706

5688 soggyman666 the Nimble (level 11, -3/65 HPs)
             Began as a Djinni Fire Elementalist on Jan 22, 2022.
             Was a Follower of Ashenzari.
             Slain by a seven-headed hydra (8 damage)
             ... on level 8 of the Dungeon.
             The game lasted 01:16:18 (14539 turns).

soggyman666 the Nimble (Djinni Fire Elementalist)  Turns: 14539, Time: 01:16:21

Health: -3/65      AC:  5    Str:  7    XL:     11   Next: 4%
Gold:   49         EV: 16    Int: 22    God:    Ashenzari [*.....] SH:  0 Dex: 13

rFire   + + .      SeeInvis .   g - staff of air
rCold   x . .      Faith    .   (no shield)
rNeg    . . .      Spirit   .   a - +0 robe "Pessimism of Ashenzari" {Self, Melee} (curse)
rPois   ∞          Reflect  .   (no helmet)
rElec   +          Harm     .   (no cloak)
rCorr   .          Rampage  .   m - +2 pair of gloves "Gaze Upon Infinity" {Range, Self} (curse)
Will    ++...                   (boots unavailable)
Stlth   +++.......              (no amulet)
HPRegen 0.20/turn               q - ring of willpower
MPRegen 0.00/turn               (no ring)

@: about to teleport, flying
A: sickness immunity, fire resistance 2, cold vulnerability 1, float, innate
caster, hp casting, extra vitality 1
a: Renounce Religion, Shatter the Chains


You were on level 8 of the Dungeon.
You worshipped Ashenzari.
Ashenzari was aware of your devotion.
You visited 3 branches of the dungeon, and saw 11 of its levels.

You collected 499 gold pieces.
You spent 450 gold pieces at shops.

Inventory:

Armour
 a - the cursed +0 robe "Pessimism of Ashenzari" (worn) {Self, Melee}

   It has a curse which improves the following skills: Introspection: Fighting
   and Spellcasting.
   Melee Combat: Short Blades, Long Blades, Axes, Maces & Flails, Polearms,
   Staves and Unarmed Combat.
 m - the cursed +2 pair of gloves "Gaze Upon Infinity" (worn) {Range, Self}
   (You bought it in a shop on level 7 of the Dungeon)

   It has a curse which improves the following skills: Ranged Combat: Slings,
   Bows, Crossbows and Throwing.
   Introspection: Fighting and Spellcasting.
Magical Staves
 g - a staff of air (weapon)
Jewellery
 q - a ring of willpower (left hand)
Wands
 d - a wand of flame (20)
 e - a wand of charming (13)
 i - a wand of iceblast (10)
 j - a wand of polymorph (8)
Scrolls
 b - a scroll of enchant weapon
 c - 2 scrolls of identify
 f - 4 scrolls of teleportation
 l - a scroll of brand weapon
 n - a scroll of enchant armour
 o - a scroll of silence
 r - a scroll of fear
 s - a scroll of holy word
Potions
 h - 2 potions of resistance
 k - 4 potions of curing
 p - a potion of heal wounds


   Skills:
 * Level 10.7 Dodging
 * Level 5.5 Stealth
 + Level 8.5(9.9) Spellcasting
 + Level 3.2 Evocations


You had 3 spell levels left.
You knew the following spells:

 Your Spells              Type           Power      Damage    Failure   Level
a - Foxfire               Conj/Fire      100%       2x1d9     1%          1
b - Scorch                Fire           100%       2d10      1%          2
c - Conjure Flame         Conj/Fire      53%        6-21      1%          3
d - Inner Flame           Hex/Fire       53%        N/A       1%          3
e - Flame Wave            Conj/Fire      53%        2d11      1%          4
f - Magic Dart            Conj           100%       1d8       1%          1
g - Static Discharge      Conj/Air       69%        N/A       1%          2
h - Searing Ray           Conj           100%       2d8       1%          2
i - Animate Armour        Summ/Erth      100%       N/A       1%          4
j - Petrify               Tmut/Erth      53%        N/A       1%          4
Your spell library was empty.

Dungeon Overview and Level Annotations

Branches:
Dungeon (9/15)             Temple (1/1) D:7            Lair (1/6) D:8
    Orc: D:9-12

Altars:
Ashenzari
Cheibriados
Dithmenos
Elyvilon
Fedhas
Hepliaklqana
Kikubaaqudgha
Nemelex Xobeh
Okawaru
Ru
Sif Muna
Trog
Uskayaw
Vehumet
Wu Jian
Xom
Yredelemnul
Zin

Shops:
D:6 (   D:7 [   D:8 ?

Annotations:
D:9 1 runed translucent door, Mahakala's ghost, novice MiBe


Innate Abilities, Weirdness & Mutations

You are immune to sickness and miasma.
You are immune to poison.
Your flesh is very heat resistant. (rF++)
You are vulnerable to cold. (rC-)
You float through the air rather than walking.
You learn spells naturally, not from books.
Your magical power is your life essence.
You have superior vitality. (+4 MHP)


Message History

The seven-headed hydra moves out of view.
You see here a condenser vane.
Press: ? - help, v - describe, . - travel The floor.
There's nothing to close nearby.
Casting: Animate Armour (dangerous; 1% risk of failure)
Confirm with . or Enter, or press ? or * to list all spells.
The fire begins to smoulder!
The fire ignites!
There is a staircase back to the Dungeon here.
Casting: Conjure Flame (safe; 1% risk of failure)
Confirm with . or Enter, or press ? or * to list all spells.
Flames lash the seven-headed hydra.
The seven-headed hydra is lightly wounded.
The seven-headed hydra's fire resistance burns away.
The seven-headed hydra is engulfed in blazing flames.
The seven-headed hydra closely misses you. x2
The seven-headed hydra bites you. x3; The seven-headed hydra bites you!
The seven-headed hydra bites you.
You fly upwards.
Welcome back to the Dungeon!
There is a staircase to the Lair here.
Casting: Scorch (safe; 1% risk of failure)
Confirm with . or Enter, or press ? or * to list all spells.
Flames lash the seven-headed hydra.
The seven-headed hydra is burned terribly!
The seven-headed hydra is heavily wounded.
The seven-headed hydra bites you but does no damage.
The seven-headed hydra barely misses you.
The seven-headed hydra bites you. The seven-headed hydra misses you.
The seven-headed hydra bites you.
The seven-headed hydra barely misses you.
The seven-headed hydra bites you!
* * * LOW HITPOINT WARNING * * *
As you read the scroll of teleportation, it crumbles to dust.
You feel strangely unstable.
The seven-headed hydra bites you but does no damage.
The seven-headed hydra misses you. The seven-headed hydra bites you!
* * * LOW HITPOINT WARNING * * *
The seven-headed hydra bites you!
You die...

#...........#....##.............
#...........#....)..............
#................##.............
#...................#####.#....#
#...................# ##.#....#
#...................####<......#
#............#.......[[........#
#............###..)............#
#..............@...[...........#
#.......######D.....).[.....#...
#.......# ##...................
##......####....................
#......##.....................#
#......##......................
#..............................
#..............................
##..............................


You could see a seven-headed hydra (combustible).

Vanquished Creatures
  A two-headed ogre (D:8)
  Pikel (D:5)
  A troll (D:8)
  A hornet (D:8)
  Grinder (D:6)
  A ynoxinul (D:8)
  A yak (D:5)
  A steam dragon (D:8)
  3 vampire mosquitoes
  5 black bears
  2 orc warriors
  A sky beast (D:5)
  An ice beast (D:7)
  3 necrophages
  A centaur (D:5)
  3 ogres
  A phantom (D:6)
  2 kobold brigands
  3 lemures (D:6)
  2 bullfrogs
  A wyvern zombie (D:7)
  A water moccasin skeleton (D:6)
  6 wights (D:6)
  2 howler monkeys
  An electric eel (D:8)
  2 jellies
  3 centaur zombies (D:7)
  3 bullfrog skeletons (D:6)
  3 centaur skeletons
  4 orc priests
  3 iguanas
  7 orc wizards
  A statue (D:8)
  2 howler monkey zombies (D:8)
  9 adders
  5 gnolls
  3 shadow imps (D:5)
  A white imp (D:4)
  An adder skeleton (D:4)
  3 worms
  A dart slug (D:3)
  23 orcs
  5 endoplasms
  3 giant cockroaches
  3 goblins
  7 hobgoblins
  2 jackals (D:1)
  18 kobolds
  3 quokkas
  3 ball pythons
  5 bats
  A frilled lizard (D:1)
  4 rats
174 creatures vanquished.

Vanquished Creatures (others)
  An orc wizard (D:7)
  507 foxfires
508 creatures vanquished.

Grand Total: 682 creatures vanquished

Notes
Turn   | Place    | Note
-------+----------+-------------------------------------------
     0 | D:1      | soggyman666 the Djinni Fire Elementalist began the quest
                  | for the Orb.
     0 | D:1      | Reached XP level 1. HP: 15/15 MP: 0/0
   260 | D:1      | Found a faded altar of an unknown god.
   348 | D:1      | Reached XP level 2. HP: 15/21 MP: 0/0
  1463 | D:2      | Reached XP level 3. HP: 16/25 MP: 0/0
  1463 | D:2      | Learned a level 1 spell: Magic Dart
  2147 | D:2      | Reached XP level 4. HP: 28/31 MP: 0/0
  2773 | D:3      | Noticed a black bear
  3076 | D:3      | Reached XP level 5. HP: 28/35 MP: 0/0
  3076 | D:3      | Learned a level 2 spell: Static Discharge
  3981 | D:3      | Killed a black bear
  3982 | D:3      | Reached XP level 6. HP: 31/40 MP: 0/0
  4151 | D:4      | Found a shimmering altar of Xom.
  4177 | D:4      | Reached skill level 5 in Spellcasting
  4219 | D:4      | Found a basalt altar of Yredelemnul.
  4641 | D:4      | Reached XP level 7. HP: 40/45 MP: 0/0
  4641 | D:4      | Learned a level 2 spell: Searing Ray
  4743 | D:4      | Reached skill level 3 in Dodging
  4743 | D:4      | Reached skill level 1 in Evocations
  5264 | D:5      | Entered Level 5 of the Dungeon
  5500 | D:5      | Found a broken altar of Ashenzari.
  5506 | D:5      | Became a worshipper of Ashenzari the Shackled
  6168 | D:5      | Reached XP level 8. HP: 36/50 MP: 0/0
  6710 | D:6      | Noticed Grinder
  6710 | D:6      | Paralysed by Grinder for 7 turns
  7245 | D:6      | Noticed Pikel
  7737 | D:5      | Killed Pikel
  7738 | D:5      | Reached skill level 4 in Dodging
  7738 | D:5      | Reached XP level 9. HP: 38/55 MP: 0/0
  7738 | D:5      | Learned a level 4 spell: Animate Armour
  7883 | D:6      | Found Tovawikk's Weapon Shoppe.
  9474 | D:6      | Reached skill level 5 in Dodging
  9943 | D:6      | Killed Grinder
  9944 | D:6      | Reached skill level 6 in Dodging
 10021 | D:6      | Reached XP level 10. HP: 37/60 MP: 0/0
 10285 | D:6      | Reached skill level 7 in Dodging
 10463 | D:6      | Reached skill level 8 in Dodging
 11098 | D:6      | Reached * piety under Ashenzari
 11368 | D:7      | Found a staircase to the Ecumenical Temple.
 11620 | Temple   | Entered the Ecumenical Temple
 11765 | D:7      | Found Ymaca's Antique Armour Shop.
 11800 | D:7      | Bought a pair of runed gloves for 150 gold pieces
 11805 | D:7      | Bought a sheer robe for 114 gold pieces
 11805 | D:7      | Identified the +2 robe of Depression {rF+++ Regen+ Int-5
                  | Stlth-} (You bought it in a shop on level 7 of the Dungeon)
 12045 | D:7      | Reached skill level 9 in Dodging
 12263 | D:7      | Found a hazy altar of Hepliaklqana.
 12264 | D:7      | Found a shadowy altar of Dithmenos.
 12930 | D:8      | Found a staircase to the Lair.
 13026 | D:8      | Noticed a two-headed ogre
 13041 | D:8      | Killed a two-headed ogre
 13042 | D:8      | Reached skill level 10 in Dodging
 13042 | D:8      | Reached skill level 5 in Stealth
 13440 | D:8      | Found a bloodstained altar of Trog.
 13598 | D:8      | Found Xehy's Magic Scroll Boutique.
 13606 | D:8      | Bought a scroll of teleportation for 33 gold pieces
 13606 | D:8      | Bought a scroll of teleportation for 33 gold pieces
 13606 | D:8      | Bought a scroll of fear for 38 gold pieces
 13606 | D:8      | Bought a scroll of holy word for 82 gold pieces
 13889 | D:8      | Reached XP level 11. HP: 53/65 MP: 0/0
 13889 | D:8      | Learned a level 4 spell: Petrify
 14135 | D:8      | Identified Sif Muna's Handbook of Necromancy and Fire
 14205 | D:9      | Found a runed translucent door.
 14205 | D:9      | Found a shimmering altar of Xom.
 14205 | D:9      | Noticed Mahakala's ghost (novice MiBe)
 14517 | Lair:1   | Entered Level 1 of the Lair of Beasts
 14524 | Lair:1   | Noticed a seven-headed hydra
 14539 | D:8      | Slain by a seven-headed hydra

Illustrated notes

Levels and vault maps discovered:
D:1:      zaba_arrival_water, layout_basic, hellmonk_ecumenical_altar_zigzags
D:2:      layout_rooms, basic_altar
D:3:      layout_loops_ring
D:4:      layout_gridville, mainiacjoe_overflow_alcove_1, amcnicky_altar_gilded
D:5:      layout_basic, evilmike_ruin_ashenzari, bh_walls_and_bars
D:6:      minmay_opposing_rooms, layout_basic, serial_shops,
          nicolae_shop_behind_doors, uniq_grinder, uniq_pikel
D:7:      layout_loops_ring, riverfiend_overflow_shadow_ancestor,
          minmay_temple_entry_large_hall, serial_shops,
          nicolae_shop_statue_plus, serial_glass, glass_columns_c,
          glass_columns_a, hangedman_abyss_or_decor_slice
D:8:      layout_basic, nzn_overflow_gifts_of_might_and_magic, vehumet_statue,
          lair_entry_dummy, nicolae_wooded_promenade
D:9:      minmay_shrinking_squares, layout_stronghold, kennysheep_mini_moat,
          grunt_temple_overflow_diamond, ebering_ghost_xom,
          minmay_misc_feat_nine_boxes, st_stairs_13
Temple:   compressed_dpeg_circular_temple
Lair:1:   layout_cave_pods, infiniplex_staircase_pool_2, uniq_sonja

Skill      XL: |  1  2  3  4  5  6  7  8  9 10 |
---------------+-------------------------------+-----
Spellcasting   | 3 4 5 6 7 8 |  8.5
Stealth        | 2 3 5 |  5.5
Dodging        | 3 4 6 10 | 10.7
Evocations     | 1 2 3 |  3.2

Action                   |  1- 3 |  4- 6 |  7- 9 | 10-12 || total
-------------------------+-------+-------+-------+-------++-------
 Cast: Foxfire           |    57 |    72 |   120 |    83 ||   332
       Scorch            |     7 |    38 |    79 |    78 ||   202
       Magic Dart        |       |     1 |    18 |    25 ||    44
       Conjure Flame     |       |       |     9 |    13 ||    22
       Animate Armour    |       |       |     7 |     7 ||    14
       Searing Ray       |       |       |       |     1 ||     1
Invok: Curse Item        |       |       |     1 |     2 ||     3
       Shatter the Chain |       |       |       |     1 ||     1
Evoke: Wand              |       |       |     1 |       ||     1
  Use: Scroll            |     4 |     1 |    15 |     2 ||    22
       Potion            |       |       |     1 |     1 ||     2
Armor: Robe              |     2 |     3 |     4 |     5 ||    14
Dodge: Dodged            |     8 |     7 |    23 |    23 ||    61

Table legend: (Time is in decaauts)
 A = Elapsed time spent in this place.
 B = Non-inter-level travel time spent in this place.
 C = Inter-level travel time spent in this place.
 D = Time resting spent in this place.
 E = Time spent auto-exploring this place.
 F = Levels seen in this place.
 G = Mean time per level.
                   A        B        C        D        E       F      G
               +--------+--------+--------+--------+--------+-----+--------+
         Total |  14560 |  13394 |   1166 |   3444 |   6828 |  11 | 1323.6 |
       Dungeon |  14422 |  13256 |   1166 |   3444 |   6763 |   9 | 1602.4 |
        Temple |    117 |    117 |      0 |      0 |     65 |   1 |  117.0 |
          Lair |     19 |     19 |      0 |      0 |      0 |   1 |   19.0 |
               +--------+--------+--------+--------+--------+-----+--------+

Top non-repeatable levels by time:
     D:6: 2786 daAuts
     D:5: 2731 daAuts
     D:7: 1993 daAuts
     D:3: 1579 daAuts
     D:8: 1456 daAuts
     D:1: 1456 daAuts
     D:4: 1243 daAuts
     D:2: 1152 daAuts
  Temple: 117 daAuts
     D:9: 22 daAuts
  Lair:1: 19 daAuts
